 Dungeon Crawl Stone Soup version 0.26-a0-812-g31a745ddcd (webtiles) character file.

Game seed: 10180811198931222391

348 dracos369 the Chopper (level 6, -7/48 HPs)
             Began as a Demonspawn Wanderer on Nov 19, 2020.
             Killed by divine providence
             ... invoked by an orc priest
              (12 damage)
             ... on level 4 of the Dungeon.
             The game lasted 00:11:29 (3734 turns).

dracos369 the Chopper (Demonspawn Wanderer)         Turns: 3734, Time: 00:11:30

Health: -7/48      AC: 12    Str: 12    XL:     6   Next: 33%
Magic:  7/7        EV: 11    Int: 16    God:
Gold:   212        SH:  0    Dex: 12    Spells: 4/7 levels left

rFire    + . .     SeeInvis .   b - +0 hand axe
rCold    . . .     Faith    .   (no shield)
rNeg     . . .     Spirit   .   o - +2 animal skin
rPois    +         Reflect  .   p - +1 helmet
rElec    .         Harm     .   (no cloak)
rCorr    .         Rampage  .   (no gloves)
MR       .....                  (no boots)
Stlth    +.........             (no amulet)
HPRegen  0.16/turn              i - +4 ring of protection
MPRegen  0.10/turn              m - ring of poison resistance

@: no status effects
A: talons 1, icy blue scales 1, demonic guardian 1, fire resistance 1, flame
cloud immunity
a: no special abilities


You were on level 4 of the Dungeon.
You visited 1 branch of the dungeon, and saw 4 of its levels.

You collected 212 gold pieces.

Inventory:

Hand Weapons
 a - a +0 hand crossbow
 b - a +0 hand axe (weapon)
Missiles
 c - 63 bolts
 u - a throwing net (quivered)
Armour
 e - a +0 robe
 o - a +2 animal skin (worn)
 p - a +1 helmet (worn)
Jewellery
 i - a +4 ring of protection (left hand)
 m - a ring of poison resistance (right hand)
 t - an uncursed ring of protection from fire
 v - an uncursed ring of see invisible
Scrolls
 d - a scroll of blinking {unknown}
 f - a scroll of amnesia {unknown}
 h - 5 scrolls of remove curse {unknown}
 k - a scroll of fog {unknown}
 n - a scroll of fear {unknown}
 q - 3 scrolls of identify {unknown}
 w - a scroll of enchant armour {unknown}
 x - a scroll of teleportation {unknown}
Potions
 g - 2 potions of might {unknown}
 j - 2 potions of degeneration {unknown}
 l - 2 potions of mutation {unknown}
 r - a potion of haste {unknown}
 s - a potion of lignification {unknown}


   Skills:
 - Level 4.2 Fighting
 + Level 5.2 Axes
   Level 1.0 Shields
 - Level 1.0 Spellcasting
   Level 1.1 Necromancy
 + Level 3.3 Air Magic
   Level 1.0 Evocations


You had 4 spell levels left.
You knew the following spells:

 Your Spells              Type           Power        Failure   Level
b - Swiftness             Air            ##......     9%          2
z - Shock                 Conj/Air       #...         12%         1

Your spell library contained the following spells:

 Spells                   Type           Power        Failure   Level
 Static Discharge         Conj/Air       #.......     34%         3
 Airstrike                Air            ##........   50%         4
 Lightning Bolt           Conj/Air       #.........   97%         5


Dungeon Overview and Level Annotations

Branches:
Dungeon (4/15)
 Temple: D:4-7

Altars:


Innate Abilities, Weirdness & Mutations

You have sharp toenails.
You are partially covered in icy blue scales. (AC +2)
A weak demonic guardian rushes to your aid.
Your flesh is heat resistant. (rF+)
You are immune to clouds of flame.


Message History

Something hits you.
* * * LOW HITPOINT WARNING * * *
You barely miss something. Something hits you but does no damage.
The orc priest miscasts a cantrip.
Something hits you but does no damage.
You hit something but do no damage. Something hits you but does no damage.
You closely miss something. Something hits you but does no damage.
Something hits you.
* * * LOW HITPOINT WARNING * * *
You barely miss something. Your kick misses something.
Something hits you but does no damage.
Unknown command.
You swap places.
Something hits your iron imp but does no damage.
Your iron imp hits something.
Reactivating autopickup.
You feel a bit more experienced.
The orc priest invokes the aid of Beogh against you.
Beogh smites you!
You die...

#.# #..# #.# #..# #.#
#..# #.# #..####### #.#
#..#...... ## #.#
#..#.##### .# #.#
#..#.# .# #########.#
#..#.# .# #..)..@5)o#
#..#.# .#
#.############.##.# .#
#.###.............# .#
#.##...........########
.#
#.##..#).....#.#.......
.#
#.##..#.#....#.#.######
.#
#.##..#..รท...#.#.#.#
.#
#.##..#.#.##.#.#.#.####
.#
#.##..#.#....#.#.#.....


You could see an orc priest and a friendly iron imp (summoned).

Vanquished Creatures
  A centaur (D:4)
  A hound (D:4)
  A worker ant (D:4)
  Robin (D:3)
  A gnoll (D:3)
  2 adders
  An ooze (D:1)
  2 worms
  5 dart slugs
  3 leopard geckos
  3 orcs
  12 bats
  6 giant cockroaches
  18 goblins
  14 hobgoblins
  2 jackals (D:2)
  2 quokkas (D:3)
  3 ball pythons
  3 frilled lizards
  6 kobolds
  10 rats
97 creatures vanquished.

Vanquished Creatures (collateral kills)
  A bullfrog zombie (D:3)
  An orc wizard (D:4)
  2 gnolls (D:3)
  A rat (D:3)
5 creatures vanquished.

Grand Total: 102 creatures vanquished

Notes
Turn   | Place    | Note
-------+----------+-------------------------------------------
     0 | D:1      | dracos369 the Demonspawn Wanderer began the quest for the
                  | Orb.
     0 | D:1      | dracos369 set off with the following items: a +0 hand
                  | crossbow, 28 bolts, a +0 hand axe, a +0 robe; and the
                  | following spell memorised: Shock; and the following spells
                  | available to memorise: Swiftness, Static Discharge,
                  | Airstrike, Lightning Bolt
     0 | D:1      | Reached XP level 1. HP: 13/13 MP: 2/2
    57 | D:1      | Reached skill level 1 in Fighting
   148 | D:1      | Gained mutation: You are partially covered in icy blue
                  | scales. (AC +2) [demonic ancestry]
   148 | D:1      | Reached XP level 2. HP: 22/22 MP: 3/3
   392 | D:1      | Gained mutation: Your flesh is heat resistant. (rF+)
                  | [demonic ancestry]
   392 | D:1      | Reached XP level 3. HP: 27/28 MP: 1/4
  1217 | D:2      | Learned a level 2 spell: Swiftness
  1281 | D:2      | Gained mutation: A weak demonic guardian rushes to your
                  | aid. [demonic ancestry]
  1281 | D:2      | Reached XP level 4. HP: 36/36 MP: 5/5
  1790 | D:3      | Noticed Robin
  1821 | D:3      | Killed Robin
  2222 | D:3      | Gained mutation: You have sharp toenails. [demonic
                  | ancestry]
  2222 | D:3      | Reached XP level 5. HP: 33/42 MP: 1/6
  2912 | D:4      | Noticed a centaur
  2926 | D:4      | Killed a centaur
  2926 | D:4      | Reached skill level 5 in Axes
  2926 | D:4      | Gained mutation: You are immune to clouds of flame.
                  | [demonic ancestry]
  2926 | D:4      | Reached XP level 6. HP: 17/48 MP: 7/7
  3734 | D:4      | Killed from afar by an orc priest

Illustrated notes

Levels and vault maps discovered:
D:1:      minmay_arrival_stone_box, layout_basic, minmay_three_crescents
D:2:      layout_rooms
D:3:      layout_rooms, nrook_mini_vaults, uniq_robin
D:4:      layout_basic

Skill      XL: |  1  2  3  4  5 |
---------------+----------------+-----
Fighting       | 1 2 3 4 |  4.2
Air Magic      | 2 3 |  3.3
Axes           | 5 |  5.2
Shields        | |  1.0
Spellcasting   | |  1.0
Necromancy     | |  1.1
Evocations     | |  1.0

Action                   |  1- 3 |  4- 6 || total
-------------------------+-------+-------++-------
Melee: Hand axe          |   112 |   175 ||   287
       Kick              |       |    27 ||    27
 Cast: Shock             |    15 |    28 ||    43
 Stab: Sleeping          |     1 |     1 ||     2
Armor: Robe              |    43 |    24 ||    67
       Animal skin       |       |    47 ||    47
Dodge: Dodged            |    80 |   103 ||   183

Table legend: (Time is in decaauts)
 A = Elapsed time spent in this place.
 B = Non-inter-level travel time spent in this place.
 C = Inter-level travel time spent in this place.
 D = Time resting spent in this place.
 E = Time spent auto-exploring this place.
 F = Levels seen in this place.
 G = Mean time per level.
                   A        B        C        D        E       F      G
               +--------+--------+--------+--------+--------+-----+--------+
         Total |   3750 |   3658 |     92 |      0 |   2934 |   4 |  937.5 |
       Dungeon |   3750 |   3658 |     92 |      0 |   2934 |   4 |  937.5 |
               +--------+--------+--------+--------+--------+-----+--------+

Top non-repeatable levels by time:
     D:4: 1109 daAuts
     D:1: 1022 daAuts
     D:3: 841 daAuts
     D:2: 777 daAuts
